 Dungeon Crawl Stone Soup version 0.19-a0-465-g1d1674b (webtiles) character file.

1273 Kidiri the Magician (level 8, -1/43 HPs)
             Began as a Deep Elf Fire Elementalist on June 3, 2016.
             Was an Initiate of Vehumet.
             Killed by divine providence
             ... invoked by an orc priest
              (8 damage)
             ... on level 6 of the Dungeon.
             The game lasted 00:23:17 (8501 turns).

Kidiri the Magician (Deep Elf Fire Elementalist)    Turns: 8501, Time: 00:23:18

Health: -1/43      AC:  2    Str:  5    XL:     8   Next: 28%
Magic:  3/21       EV: 14    Int: 23    God:    Vehumet [......]
Gold:   247        SH:  0    Dex: 15    Spells: 6 memorised, 4 levels left

rFire  . . .     SeeInvis .     n - +0 dagger (flame)
rCold  + . .     Gourm    .     a - +0 robe
rNeg   . . .     Faith    .     (no shield)
rPois  .         Spirit   .     f - +0 hat
rElec  .         Dismiss  .     (no cloak)
rCorr  .         Reflect  .     (no gloves)
SustAt .         Harm     .     (no boots)
MR     .....                    (no amulet)
Stlth  ++........               v - ring of protection from cold
                                m - +1 ring of evasion

@: very slightly contaminated, hasted, invisible, very quick, not resistant to
hostile enchantments, unstealthy
A: no striking features
a: Renounce Religion


You were on level 6 of the Dungeon.
You worshipped Vehumet.
Vehumet was noncommittal.
You were not hungry.

You visited 2 branches of the dungeon, and saw 7 of its levels.

You collected 247 gold pieces.

Inventory:

Hand Weapons
 n - a +0 dagger of flaming (weapon)
Armour
 a - a +0 robe (worn)
 f - a +0 hat (worn)
 g - a +0 leather armour
Jewellery
 m - a +1 ring of evasion (left hand)
 v - a ring of protection from cold (right hand)
Wands
 r - a wand of disintegration (14/24)
Scrolls
 e - 2 scrolls of remove curse
 h - a scroll of magic mapping
 i - 2 scrolls of fog
Potions
 d - a potion of agility
 o - a potion of brilliance
 p - 2 potions of berserk rage
 q - 3 potions of curing {unknown}
 t - a potion of flight {unknown}
Books
 b - a book of Flames

   Spells                             Type                      Level
   a - Flame Tongue                   Conjuration/Fire             1
   b - Throw Flame                    Conjuration/Fire             2
   c - Conjure Flame                  Conjuration/Fire             3
   d - Inner Flame                    Hexes/Fire                   3
   e - Sticky Flame                   Conjuration/Fire             4
   f - Fireball                       Conjuration/Fire             5
Comestibles
 c - 5 bread rations
 j - a beef jerky
 k - a chunk of flesh


   Skills:
 + Level 1.0 Fighting
 + Level 1.6 Short Blades
 + Level 1.3 Armour
 + Level 3.2 Dodging
 - Level 2.4 Stealth
 + Level 1.2 Unarmed Combat
 * Level 7.7 Spellcasting
 * Level 5.7 Conjurations
 * Level 6.4 Fire Magic


You had 4 spell levels left.
You knew the following spells:

 Your Spells              Type           Power        Failure   Level  Hunger
a - Flame Tongue          Conj/Fire      #####        1%          1    None
b - Throw Flame           Conj/Fire      #####.       1%          2    None
c - Conjure Flame         Conj/Fire      #####...     1%          3    None
d - Inner Flame           Hex/Fire       ###.....     8%          3    None
e - Sticky Flame          Conj/Fire      #####...     8%          4    ###....
f - Fireball              Conj/Fire      #####.....   17%         5    #####..


Dungeon Overview and Level Annotations

Branches:
Dungeon (6/15)             Temple (1/1) D:5

Altars:
Ashenzari
Cheibriados
Dithmenos
Elyvilon
Fedhas
Gozag
Kikubaaqudgha
Makhleb
Nemelex Xobeh
Okawaru
Pakellas
Sif Muna
Trog
Vehumet
Yredelemnul
The Shining One

Shops:
D:5 [

Annotations:
D:6 Edmund, Sigmund


Message History

Casting: Flame Tongue
Confirm with . or Enter, or press ? or * to list all spells.
You don't have enough magic to cast that spell.
Unknown command.
Unknown command.
You fade into invisibility!
The orc wizard points at you and mumbles some strange words.
The magic dart hits the orc.
The orc hits you with a whip.
* * * LOW HITPOINT WARNING * * *
The orc priest calls down the wrath of Beogh upon you.
Pain shoots through your body!
* * * LOW HITPOINT WARNING * * *
The gnoll barely misses you. The orc barely misses you.
You are very lightly contaminated with residual magic.
The gnoll closely misses you.
Unknown command.
You feel yourself speed up. The orc misses you.
The orc priest invokes the aid of Beogh against you.
Beogh smites you!
You die...

... #..# .# #..#
. # #..# ###. .#
########..
...#..#
.........####
#..#..#
............#
#.....#
....†..@gg#
#....#
......@oog#####<#
.....)..o@o.....#
....[)...o......#
######†..o......#
...............#
...............#
.....#_........#
.....###########


You could see Edmund, Sigmund, an orc priest, an orc wizard, 3 gnolls and 4
orcs.

Vanquished Creatures
  Grinder (D:6)
  The ghost of Kidiri the Magician, an amateur DEFE (D:4)
  An ice beast (D:5)
  A phantom (D:3)
  A centaur (D:5)
  2 scorpions
  2 howler monkeys
  A giant frog zombie (D:5)
  2 giant frog skeletons (D:5)
  2 hounds (D:5)
  An iguana (D:4)
  An orc wizard (D:5)
  2 worker ants (D:5)
  10 adders
  2 oozes
  2 adder skeletons (D:4)
  6 worms
  A dart slug (D:4)
  3 giant geckos
  15 orcs
  2 ball pythons
  5 bats
  8 giant cockroaches
  8 goblins
  10 hobgoblins
  11 jackals
  4 quokkas
  A giant gecko skeleton (D:4)
  6 giant newts
  8 kobolds
  8 rats
128 creatures vanquished.

Notes
Turn   | Place    | Note
--------------------------------------------------------------
     0 | D:1      | Kidiri the Deep Elf Fire Elementalist began the quest for the Orb.
     0 | D:1      | Reached XP level 1. HP: 10/10 MP: 6/6
   230 | D:1      | Reached XP level 2. HP: 15/15 MP: 4/8
   368 | D:1      | Learned a level 2 spell: Throw Flame
  1168 | D:1      | Reached XP level 3. HP: 19/19 MP: 4/9
  1182 | D:1      | Learned a level 3 spell: Conjure Flame
  1476 | D:2      | Learned a level 3 spell: Inner Flame
  1946 | D:2      | Reached XP level 4. HP: 17/24 MP: 4/11
  2035 | D:2      | Found an iron altar of Okawaru.
  2090 | D:2      | Found an oddly glowing altar of Pakellas.
  2363 | D:2      | Reached skill level 4 in Spellcasting
  3495 | D:3      | Reached XP level 5. HP: 26/28 MP: 5/14
  3501 | D:3      | Learned a level 4 spell: Sticky Flame
  3661 | D:3      | Reached skill level 5 in Spellcasting
  3661 | D:3      | Reached skill level 5 in Fire Magic
  4151 | D:3      | Noticed a phantom
  4157 | D:3      | Killed a phantom
  4157 | D:3      | Reached XP level 6. HP: 22/32 MP: 8/16
  4506 | D:4      | Noticed Kidiri's ghost (amateur DEFE)
  5048 | D:4      | Found a snail-covered altar of Cheibriados.
  6146 | D:4      | Found a blossoming altar of Fedhas.
  6188 | D:4      | Killed Kidiri's ghost
  6188 | D:4      | Reached skill level 6 in Spellcasting
  6188 | D:4      | Reached XP level 7. HP: 20/36 MP: 4/18
  6281 | D:4      | Learned a level 5 spell: Fireball
  6452 | D:4      | Found a basalt altar of Yredelemnul.
  6563 | D:5      | Entered Level 5 of the Dungeon
  6862 | D:5      | Found a staircase to the Ecumenical Temple.
  6871 | Temple   | Entered the Ecumenical Temple
  7123 | D:5      | Reached skill level 5 in Conjurations
  7432 | D:5      | Found Temutes's Armour Shop.
  7685 | D:5      | Reached skill level 1 in Short Blades
  7685 | D:5      | Reached skill level 7 in Spellcasting
  7763 | D:5      | Found a shadowy altar of Dithmenos.
  7772 | D:5      | Found a radiant altar of Vehumet.
  7776 | D:5      | Became a worshipper of Vehumet
  8142 | D:5      | Reached skill level 1 in Armour
  8394 | D:5      | Reached XP level 8. HP: 37/42 MP: 15/21
  8402 | D:5      | Reached skill level 1 in Unarmed Combat
  8455 | D:6      | Found an ancient bone altar of Kikubaaqudgha.
  8469 | D:6      | Noticed Grinder
  8478 | D:6      | Killed Grinder
  8478 | D:6      | Reached skill level 1 in Fighting
  8491 | D:6      | Noticed Sigmund
  8498 | D:6      | Noticed Edmund
  8501 | D:6      | Killed from afar by an orc priest

Vault maps used:
D:1:      dpeg_arrival_rooms_with_view, minmay_misc_feat_tiny
D:2:      marbit_many_paths, lemuel_doored_altar, minmay_misc_feat_room
D:3:      wad_crossroads, hangedman_feature_mirror, amethyst_killhole
D:4:      fedhas_altar_4, kennysheep_slug_shrine, kennysheep_mini_moat,
          first_bread
D:5:      amethyst_overflow_temple_binary, temple_hall, serial_shops,
          nicolae_shop_behind_doors, kennysheep_small_spiral
D:6:      overflow_temple_1_default, kennysheep_little_box, uniq_sigmund,
          uniq_grinder, uniq_eustachio, uniq_edmund
Temple:   minmay_temple_bridge_a_8

Skill      XL: |  1  2  3  4  5  6  7  8 |
---------------+-------------------------+-----
Conjurations   | 2 3 4 5 |  5.7
Fire Magic     | 4 5 6 |  6.4
Spellcasting   | 4 5 6 7 |  7.7
Short Blades   | 1 |  1.6
Armour         | 1 |  1.3
Dodging        | 3 |  3.2
Unarmed Combat | 1 |  1.2
Fighting       | 1 |  1.0
Stealth        | |  2.4

Action                   |  1- 3 |  4- 6 |  7- 9 || total
-------------------------+-------+-------+-------++-------
Melee: Short sword       |     1 |       |       ||     1
       Dagger            |     8 |    21 |     6 ||    35
 Cast: Flame Tongue      |    48 |   101 |    62 ||   211
       Throw Flame       |    12 |    30 |    21 ||    63
       Conjure Flame     |       |     2 |       ||     2
       Sticky Flame      |       |       |     2 ||     2
  Use: Scroll            |     4 |     7 |     4 ||    15
       Potion            |       |     3 |     2 ||     5
 Stab: Sleeping          |     4 |     2 |     3 ||     9
  Eat: Chunk             |     3 |     8 |     4 ||    15
       Beef jerky        |       |     2 |       ||     2
       Meat ration       |       |     1 |       ||     1
       Fruit             |       |     1 |       ||     1
Armor: Robe              |     3 |     5 |     3 ||    11
Dodge: Dodged            |    15 |    51 |    31 ||    97
